 Dungeon Crawl Stone Soup version 0.30-a0-6-g7c9e10e132 (webtiles) character file.

Game seed: 17252717065708673639

1687 Setbun the Skirmisher (level 8, -1/67 HPs)
             Began as a Minotaur Hunter on Aug 22, 2022.
             Was an Initiate of Okawaru.
             Engulfed by a steam dragon's steam (7 damage)
             ... on level 6 of the Dungeon.
             The game lasted 00:08:31 (5909 turns).

Setbun the Skirmisher (Minotaur Hunter)             Turns: 5909, Time: 00:08:32

Health: -1/67      AC:  3    Str: 19    XL:     8   Next: 71%
Magic:  7/7        EV: 12    Int:  6    God:    Okawaru [......]
Gold:   263        SH:  0    Dex: 13    Spells: 7/7 levels left

rFire   . . .      SeeInvis .    a - +1 shortbow (elec)
rCold   . . .      Faith    .    (shield currently unavailable)
rNeg    + . .      Spirit   .    c - +0 leather armour
rPois   .          Reflect  .    (helmet restricted)
rElec   .          Harm     .    (no cloak)
rCorr   .          Rampage  .    (no gloves)
Will    .....                    (no boots)
Stlth   +.........               (no amulet)
HPRegen 0.21/turn                h - ring of positive energy
MPRegen 0.10/turn                (no ring)

@: no status effects
A: horns 2, retaliatory headbutt
a: Renounce Religion


You were on level 6 of the Dungeon.
You worshipped Okawaru.
Okawaru was noncommittal.
You visited 2 branches of the dungeon, and saw 7 of its levels.
You also visited: Ossuary.

You collected 263 gold pieces.

Inventory:

Hand Weapons
 a - a +1 shortbow of electrocution (weapon)
 y - a +6 dire flail of protection
Missiles
 B - a throwing net
Armour
 c - a +0 leather armour (worn)
Magical Staves
 g - a staff of cold
Jewellery
 h - a ring of positive energy (left hand)
 n - a ring of ice
 w - a ring of protection from fire
Wands
 l - a wand of polymorph (8)
Scrolls
 b - 2 scrolls of immolation
 d - 2 scrolls of fog
 f - a scroll of enchant weapon
 k - 9 scrolls of identify
 p - 5 scrolls of teleportation
 q - 2 scrolls of amnesia
 v - a scroll of noise {unknown}
 x - a scroll of poison {unknown}
Potions
 e - a potion of cancellation
 i - 3 potions of curing
 j - a potion of degeneration
 m - 2 potions of brilliance {unknown}
 o - 2 potions of haste {unknown}
 r - 4 potions of mutation {unknown}
 s - 2 potions of attraction {unknown}
 t - a potion of berserk rage {unknown}
 u - a potion of flight {unknown}
 z - 2 potions of ambrosia {unknown}
 A - a potion of might {unknown}


   Skills:
 - Level 4.7 Fighting
 * Level 1.6 Maces & Flails
 * Level 11.6 Ranged Weapons
 - Level 2.7 Armour
 - Level 3.1 Dodging
 - Level 0.9 Stealth


You had 7 spell levels left.
You didn't know any spells.
Your spell library contained the following spells:

 Spells                   Type           Power      Damage    Failure   Level
 Apportation              Tloc           0%         N/A       52%         1
 Magic Dart               Conj           0%         1d3       52%         1
 Mephitic Cloud           Conj/Pois/Air  0%         N/A       87%         3
 Alistair's Intoxication  Tmut/Pois      0%         N/A       100%        5
 Summon Small Mammal      Summ           Unusable   N/A       N/A         1
 Call Imp                 Summ           Unusable   N/A       N/A         2
 Call Canine Familiar     Summ           Unusable   N/A       N/A         3
 Summon Guardian Golem    Hex/Summ       Unusable   N/A       N/A         3

Dungeon Overview and Level Annotations

Branches:
Dungeon (6/15)             Temple (1/1) D:6         Ossuary (visited)

Altars:
Ashenzari
Cheibriados
Dithmenos
Elyvilon
Gozag
Hepliaklqana
Kikubaaqudgha
Makhleb
Nemelex Xobeh
Okawaru
Qazlal
Sif Muna
Trog
Uskayaw
Vehumet
Wu Jian
Xom
Yredelemnul
Zin
The Shining One

Shops:
D:4 :   D:6 (


Innate Abilities, Weirdness & Mutations

You have a pair of horns on your head.
You reflexively headbutt those who attack you in melee.


Message History

You are too injured to fight recklessly!
You are too injured to fight recklessly!
You are too injured to fight recklessly!
You are too injured to fight recklessly!
You are too injured to fight recklessly!
You are too injured to fight recklessly!
You are too injured to fight recklessly!
You are too injured to fight recklessly!
You are too injured to fight recklessly!
You are too injured to fight recklessly!
You are too injured to fight recklessly!
Unknown command.
Fire: a) +1 shortbow (elec)
Press: ? - help, Q - select action, (/) - cycle Shift-Dir - straight line, f/p - steam dragon
Aim: a steam dragon (heavily wounded, 66% to hit)
You shoot an arrow.
The arrow barely misses the steam dragon.
The steam dragon bites you. The steam dragon barely misses you.
Fire: a) +1 shortbow (elec)
Press: ? - help, Q - select action, (/) - cycle Shift-Dir - straight line, f/p - steam dragon
Aim: a steam dragon (heavily wounded, 66% to hit)
You shoot an arrow. The arrow hits the steam dragon!
The steam dragon is severely wounded.
The steam dragon bites you but does no damage.
The steam dragon claws you but does no damage.
Fire: a) +1 shortbow (elec)
Press: ? - help, Q - select action, (/) - cycle Shift-Dir - straight line, f/p - steam dragon
Aim: a steam dragon (severely wounded, 66% to hit)
You shoot an arrow.
The arrow closely misses the steam dragon.
The steam dragon breathes steam at you. The ball of steam hits you!!
* * * LOW HITPOINT WARNING * * *
Fire: a) +1 shortbow (elec)
Press: ? - help, Q - select action, (/) - cycle Shift-Dir - straight line, f/p - steam dragon
Aim: a steam dragon (severely wounded, 66% to hit)
You shoot an arrow. The arrow hits the steam dragon.
The steam dragon is severely wounded.
You are engulfed in a cloud of scalding steam.
You die...

#....#..#.......
#.......#.......
###......###....##
..#.#...........## #
#.#....#.....#...# #.
#.#..###..>..###.. ## ..
#.#....#.....#....
....#.#D#...............
#....@.......###......
#...§§§.......#......#
#.##.§§.......#......#
.....§................#
#.......................
.......................
..!....................
....)#####.##.........#
....= .##........)#


You could see a steam dragon.

Vanquished Creatures
  Grinder (D:5)
  Edmund (D:5)
  A centaur (D:6)
  A bullfrog (D:6)
  8 scorpions
  3 centaur zombies (Ossuary)
  2 hounds (D:5)
  3 human zombies (Ossuary)
  3 orc priests
  An iguana (D:5)
  3 orc wizards (D:5)
  4 scorpion zombies (Ossuary)
  3 mummies (Ossuary)
  6 gnolls
  4 adders
  A white imp (D:6)
  An ufetubus (D:5)
  A worm (D:3)
  4 dart slugs
  10 orcs
  4 bats
  5 endoplasms
  6 giant cockroaches
  8 goblins
  8 hobgoblins
  3 quokkas
  7 ball pythons
  A frilled lizard (D:3)
  A gnoll zombie (Ossuary)
  4 goblin zombies (Ossuary)
  2 hobgoblin zombies (Ossuary)
  4 kobolds
  A kobold zombie (Ossuary)
  An orc zombie (Ossuary)
  8 rats
124 creatures vanquished.

Notes
Turn   | Place    | Note
-------+----------+-------------------------------------------
     0 | D:1      | Setbun the Minotaur Hunter began the quest for the Orb.
     0 | D:1      | Reached XP level 1. HP: 18/18 MP: 0/0
    58 | D:1      | Reached XP level 2. HP: 25/25 MP: 1/1
   105 | D:1      | Reached skill level 5 in Ranged Weapons
   544 | D:2      | Reached XP level 3. HP: 30/30 MP: 2/2
  1374 | D:3      | Reached skill level 6 in Ranged Weapons
  1374 | D:3      | Reached XP level 4. HP: 35/37 MP: 3/3
  1929 | D:4      | Found a sand-covered staircase.
  1934 | Ossuary  | Entered an ossuary
  1954 | Ossuary  | Reached XP level 5. HP: 41/45 MP: 4/4
  2000 | Ossuary  | Reached skill level 7 in Ranged Weapons
  2126 | Ossuary  | Reached XP level 6. HP: 43/51 MP: 5/5
  2135 | Ossuary  | Reached skill level 8 in Ranged Weapons
  2135 | Ossuary  | Reached skill level 1 in Armour
  2485 | Ossuary  | Reached XP level 7. HP: 31/57 MP: 6/6
  2673 | Ossuary  | Reached skill level 9 in Ranged Weapons
  3355 | D:4      | Found Ciag's Book Shoppe.
  4001 | D:5      | Entered Level 5 of the Dungeon
  4174 | D:5      | Reached skill level 10 in Ranged Weapons
  4174 | D:5      | Reached XP level 8. HP: 39/67 MP: 7/7
  4357 | D:5      | Noticed Edmund
  4872 | D:5      | Killed Edmund
  4985 | D:5      | Noticed Grinder
  4988 | D:5      | Paralysed by Grinder for 5 turns
  4999 | D:5      | Paralysed by Grinder for 4 turns
  5088 | D:5      | Paralysed by Grinder for 2 turns
  5092 | D:5      | Killed Grinder
  5140 | D:5      | Reached skill level 11 in Ranged Weapons
  5476 | D:6      | Found Ismuorib's Antique Weapon Emporium.
  5533 | D:6      | Reached skill level 1 in Maces & Flails
  5774 | D:6      | Found a staircase to the Ecumenical Temple.
  5799 | D:6      | Found an opulent altar of Gozag.
  5817 | Temple   | Entered the Ecumenical Temple
  5874 | Temple   | Became a worshipper of Warmaster Okawaru
  5909 | D:6      | Engulfed by a steam dragon's steam

Illustrated notes

Levels and vault maps discovered:
D:1:      mrwooster_arrival_arrow, layout_rooms
D:2:      layout_rooms, serial_curves, eino_curves_02, eino_curves_03
D:3:      layout_rooms, serial_park_tiny_pond, grunt_ministairs_1
D:4:      layout_cave_pods, serial_shops, nicolae_shop_stone, enter_ossuary_5
D:5:      layout_loops_cross, uniq_edmund, uniq_grinder
D:6:      layout_basic, mainiacjoe_overflow_concentric_impassable,
          minmay_temple_entry_tees, serial_shops, nicolae_shop_trees,
          minmay_misc_feat_roman, nicolae_lava_and_water
Temple:   hellmonk_temple_of_storms

Skill      XL: |  1  2  3  4  5  6  7  8 |
---------------+-------------------------+-----
Ranged Weapons | 5 6 7 8 10 11 | 11.6
Fighting       | 3 4 |  4.7
Armour         | 1 2 |  2.7
Dodging        | 3 |  3.1
Maces & Flails | 1 |  1.6
Stealth        | |  0.9

Action                   |  1- 3 |  4- 6 |  7- 9 || total
-------------------------+-------+-------+-------++-------
 Fire: Shortbow          |   120 |   115 |   195 ||   430
  Use: Scroll            |       |     8 |     2 ||    10
       Potion            |       |       |     5 ||     5
Armor: Leather armour    |    10 |    25 |     7 ||    42
Dodge: Dodged            |    30 |    36 |    48 ||   114

Table legend: (Time is in decaauts)
 A = Elapsed time spent in this place.
 B = Non-inter-level travel time spent in this place.
 C = Inter-level travel time spent in this place.
 D = Time resting spent in this place.
 E = Time spent auto-exploring this place.
 F = Levels seen in this place.
 G = Mean time per level.
                   A        B        C        D        E       F      G
               +--------+--------+--------+--------+--------+-----+--------+
         Total |   5962 |   5854 |    108 |   1471 |   3533 |   8 |  745.2 |
       Dungeon |   4563 |   4468 |     95 |    962 |   2931 |   6 |  760.5 |
        Temple |     70 |     57 |     13 |      0 |     18 |   1 |   70.0 |
       Ossuary |   1328 |   1328 |      0 |    509 |    584 |   1 | 1328.0 |
               +--------+--------+--------+--------+--------+-----+--------+

Top non-repeatable levels by time:
     D:5: 1437 daAuts
 Ossuary: 1328 daAuts
     D:3: 990 daAuts
     D:4: 852 daAuts
     D:2: 470 daAuts
     D:1: 451 daAuts
     D:6: 360 daAuts
  Temple: 70 daAuts
